 Dungeon Crawl Stone Soup version 0.16-a0-734-gc254e8c (webtiles) character file.

56361 PolkaDot the Black Belt (level 14, -5/122 HPs)
             Began as a Black Draconian Monk on Sept 22, 2014.
             Slain by a large slime creature (35 damage)
             ... on Level 7 of the Lair of Beasts.
             The game lasted 02:00:49 (27621 turns).

PolkaDot the Black Belt (Black Draconian Monk)     Turns: 27621, Time: 02:00:49

HP  -5/122       AC 12     Str 13      XL: 14   Next: 41%
MP  27/27        EV 18     Int 17      God:
Gold 1374        SH  0     Dex 15      Spells:  1 memorised, 11 levels left

rFire  . . .     SeeInvis .       - Unarmed
rCold  + . .     Clarity  .     (armour unavailable)
rNeg   . . .     rCorr    .     (no shield)
rPois  .         rRot     .     F - +0 hat of Rasikhu {+Blink}
rElec  +         Spirit   .     (no cloak)
SustAb .         Warding  .     y - +2 pair of gloves
rMut   .         Stasis   .     Q - +0 pair of boots
Gourm  .                        B - amulet of rage
MR     +....                    f - +3 ring of slaying
                                h - ring "Ahygied" {rC+ Str-2 Slay+5}

@: exhausted, slowed, very slow, somewhat resistant to hostile enchantments,
stealthy
A: breathe lightning, able to fly continuously, unfitting armour, big wings,
clever 1, high mp 1, sense surroundings 1, screaming 1, electricity resistance,
strong 1, wild magic 1, cold-blooded, AC +8
a: Breathe Lightning, Fly, Evoke Blink, Evoke Berserk Rage


You were on level 7 of the Lair of Beasts.
You were hungry.

You visited 4 branches of the dungeon, and saw 21 of its levels.
You also visited: Labyrinth.

You collected 1374 gold pieces.

Inventory:

Missiles
 K - 3 throwing nets (quivered)
Armour
 y - a +2 pair of gloves (worn)
 F - the +0 hat of Rasikhu (worn) {+Blink}
   (You acquired it on level 7 of the Lair of Beasts)

   It lets you blink.
 Q - a +0 pair of boots (worn)
Magical devices
 l - a wand of polymorph (12)
 v - a wand of digging (24)
 H - a wand of lightning (2)
 N - a wand of draining (2)
 P - a wand of cold (4)
 R - a wand of paralysis (10)
Comestibles
 b - 2 bread rations
 c - 15 fruits
 i - 9 meat rations
 t - 2 beef jerkies
 x - a royal jelly
 C - a slice of pizza
 Y - 2 chunks of wyvern flesh
Scrolls
 a - 2 scrolls of teleportation
 e - 2 scrolls of recharging
 n - 5 scrolls of fog
 p - a scroll of amnesia
 w - 11 scrolls of remove curse
 A - 8 scrolls of enchant weapon
 D - 2 scrolls of brand weapon
 L - a scroll of blinking
 O - a scroll of magic mapping {unknown}
 S - a scroll of vulnerability
 T - a scroll of immolation
 X - a scroll of holy word {unknown}
Jewellery
 f - a +3 ring of slaying (right hand)
 h - the ring "Ahygied" (left hand) {rC+ Str-2 Slay+5}
   (You found it on level 9 of the Dungeon)

   [ring of strength]

   It affects your strength (-2).
   It affects your accuracy and damage with ranged weapons and melee attacks
   (+5).
   It protects you from cold.
 u - an uncursed ring of sustain abilities
 B - an amulet of rage (around neck)
 J - an uncursed ring of teleportation
 U - an uncursed amulet of clarity
Potions
 d - a potion of magic
 g - a potion of berserk rage
 j - a potion of agility
 k - 6 potions of restore abilities
 m - a potion of cure mutation {!q}
 q - 2 potions of brilliance
 r - 2 potions of mutation {!q}
 z - a potion of haste
 G - a potion of flight
 I - 2 potions of curing
 Z - a potion of lignification
Books
 E - a Grand Grimoire {highlevel, unknown}

   This book is beyond your current level of understanding.

   Spells                             Type                      Level
   Aura of Abjuration                 Summoning                    6
   Forceful Dismissal                 Summoning                    6
   Summon Greater Demon               Summoning                    7
   Malign Gateway                     Summoning/Translocation      7
   Summon Horrible Things             Summoning                    8
 W - a book of Changes

   Spells                             Type                      Level
   Beastly Appendage                  Transmutation                1
   Sticks to Snakes                   Transmutation                2
   Spider Form                        Transmutation/Poison         3
   Ice Form                           Ice/Transmutation            4
   Blade Hands                        Transmutation                5
Miscellaneous
 o - a fan of gales
 s - a stone of tremors
 M - a phial of floods
 V - a stone of tremors


   Skills:
 - Level 10.3 Fighting
 - Level 10.0 Dodging
 + Level 11.8 Stealth
 - Level 15.2 Unarmed Combat
 * Level 6.3 Hexes
 - Level 8.3 Evocations


You had 11 spell levels left.
You knew the following spells:

 Your Spells              Type           Power        Failure   Level  Hunger
a - Confusing Touch       Hex            ####..       7%          2    ###....


Dungeon Overview and Level Annotations

Branches:
Dungeon (10/15)            Temple (1/1) D:6            Lair (8/8) D:8
 Shoals (0/5) Lair:3       Spider (0/5) Lair:3        Slime (2/6) Lair:7
    Orc: D:9-12

Altars:
Ashenzari
Cheibriados
Dithmenos
Elyvilon
Fedhas
Gozag
Kikubaaqudgha
Makhleb
Nemelex Xobeh
Okawaru
Qazlal
Ru
Sif Muna
Trog
Vehumet
Xom
Yredelemnul
Zin
The Shining One

Shops:
D:8 *


Innate Abilities, Weirdness & Mutations

You can breathe wild blasts of lightning.
You can fly continuously.
Your glossy black scales are hard (AC +8).
Your body does not fit into most forms of armour.
Your wings are large and strong.
You are resistant to electric shocks.
Your cold-blooded metabolism reacts poorly to cold.
Your mind is acute. (Int +2)
You have an increased reservoir of magic (+10% MP).
You passively map a small area around you.
You occasionally shout uncontrollably at your foes.
Your muscles are strong. (Str +2)
Your spells are a little harder to cast, but a little more powerful.


Message History

* * * LOW HITPOINT WARNING * * *
You punch the slime creature! You tail-slap the slime creature!
You kill the slime creature!
You feel a little less agile now.
You feel a strong urge to attack something.
You feel your anger subside.
You are no longer berserk.
You are exhausted.
You feel yourself slow down.
You are feeling hungry.
You punch the slime creature!
The slime creature is lightly wounded.
The slime creature hits you!
* * * LOW HITPOINT WARNING * * *
You punch the slime creature!
The slime creature is moderately wounded.
The slime creature barely misses you.
Two slime creatures merge to form a large slime creature.
The large slime creature hits you!!
You die...

#..........P###P.##..............
.#...............##..............
..............#.................#
............###..##...........P..
........##### #..###..........<.#
.#.#...##.######..##.............
##.###...##.##.#.#.##......##P...
###.P.......##..J.###......#.....
###P.P..........@.P.......#......
##P..............................
#..............P..#.#P....#.P...#
#.................###......##..#.
...............P...#......#####.#
.............###PP.....#...# ##.
.............#.##.....#....# ###.
#.............#.##P.P.#...## #.#.
#P..#..........#...PP...P.# #.P.


You could see a large slime creature.

Vanquished Creatures
  A minotaur (Lab)
  10 hydras
  The ghost of lennard the Nimble, a powerful SpWn of Okawaru (Lair:1)
  4 death yaks (Lair:8)
  A griffon (Lair:3)
  A shining eye (Slime:2)
  11 black mambas
  11 elephants
  Joseph (D:7)
  2 torpor snails
  An orange crystal statue (D:9)
  10 spiny frogs
  8 komodo dragons
  5 fire drakes
  A feature mimic (Lair:5)
  2 spriggan druids (Lair:8)
  A troll (D:9)
  6 polar bears (Lair:8)
  6 slime creatures
  4 basilisks
  3 redbacks (Lair:8)
  6 trapdoor spiders
  18 blink frogs
  24 yaks
  A wyvern (Lair:7)
  11 spriggans (Lair:8)
  A deep elf mage (D:9)
  4 hungry ghosts (Lab)
  7 hippogriffs
  28 wolves
  A human zombie (D:9)
  12 porcupines
  18 water moccasins
  An ice beast (D:5)
  An orc warrior (D:9)
  2 phantoms
  3 black bears
  A necrophage (D:9)
  2 yellow wasps (Lair:8)
  15 crocodiles
  6 centaurs
  2 ogres (D:8)
  A boring beetle (Lair:7)
  A gnoll sergeant (D:9)
  19 giant frogs
  2 scorpions (D:9)
  An eye of draining (D:9)
  An electric eel (Lair:6)
  6 wights (D:9)
  9 hounds
  2 goliath beetles (D:6)
  A crimson imp (D:8)
  A quasit (D:7)
  2 orc priests
  A gnoll shaman (D:6)
  11 iguanas
  8 orc wizards
  A jelly (Lair:7)
  22 sheep
  8 worker ants
  A hound zombie (D:9)
  A worker ant zombie (D:7)
  20 gnolls
  38 adders
  44 green rats
  2 shadow imps
  A giant mite (D:6)
  A worm (D:2)
  3 adder skeletons
  4 giant geckos
  An ooze (D:1)
  31 orcs
  6 giant cockroaches
  30 goblins
  20 hobgoblins
  5 jackals
  20 kobolds
  15 quokkas
  2 ball pythons
  21 bats
  6 giant newts
  2 hobgoblin skeletons
  A hobgoblin zombie (D:5)
  An orc zombie (D:5)
  21 rats
  A rat skeleton (D:4)
  A bush (D:9)
  22 plants
672 creatures vanquished.

Vanquished Creatures (others)
  An orc (D:6)
  A bat (D:6)
  2 bushes
  40 fungi
  12 plants
56 creatures vanquished.

Grand Total: 728 creatures vanquished

Notes
Turn   | Place    | Note
--------------------------------------------------------------
     0 | D:1      | PolkaDot, the Draconian Monk, began the quest for the Orb.
     0 | D:1      | Reached XP level 1. HP: 19/19 MP: 1/1
   308 | D:1      | Reached XP level 2. HP: 26/26 MP: 2/2
   762 | D:2      | Reached XP level 3. HP: 29/31 MP: 3/3
   835 | D:2      | Reached skill level 5 in Unarmed Combat
  1100 | D:2      | Reached XP level 4. HP: 35/40 MP: 4/4
  1352 | D:2      | Found a stormy altar of Qazlal.
  1355 | D:2      | Found a white marble altar of Elyvilon.
  1358 | D:2      | Found a basalt altar of Yredelemnul.
  1361 | D:2      | Found an ancient bone altar of Kikubaaqudgha.
  1897 | D:3      | Reached XP level 5. HP: 42/46 MP: 5/5
  3073 | D:4      | Reached skill level 6 in Unarmed Combat
  3270 | D:4      | Reached XP level 6. HP: 49/53 MP: 6/6
  3330 | D:5      | Entered Level 5 of the Dungeon
  3390 | D:5      | HP: 2/55 [poisoned by a worker ant]
  3397 | D:5      | HP: 1/55 [poisoned by a worker ant]
  3405 | D:5      | HP: 1/55 [poisoned by a worker ant]
  3828 | D:5      | Reached skill level 5 in Fighting
  4120 | D:5      | Your scales start taking on a glossy black colour.
  4120 | D:5      | Gained mutation: You are resistant to electric shocks. [draconian maturity]
  4120 | D:5      | Reached XP level 7. HP: 46/61 MP: 7/7
  4458 | D:5      | Found a bloodstained altar of Trog.
  4528 | D:5      | Reached skill level 7 in Unarmed Combat
  5086 | D:6      | Gained mutation: Your spells are a little harder to cast, but a little more powerful. [potion of mutation]
  5086 | D:6      | Gained mutation: You occasionally shout uncontrollably at your foes. [potion of mutation]
  5086 | D:6      | Gained mutation: You sometimes yell uncontrollably at your foes. [potion of mutation]
  5480 | D:6      | Gained mutation: Your mind is acute. (Int +2) [potion of mutation]
  5480 | D:6      | Gained mutation: Your muscles are strong. (Str +2) [potion of mutation]
  5771 | D:6      | Found a blossoming altar of Fedhas.
  6553 | D:6      | Found a staircase to the Ecumenical Temple.
  6563 | Temple   | Entered the Ecumenical Temple
  6885 | D:7      | Found an iron altar of Okawaru.
  6905 | D:7      | Reached XP level 8. HP: 70/70 MP: 8/8
  6968 | D:7      | Reached skill level 8 in Unarmed Combat
  7284 | D:7      | Reached skill level 1 in Evocations
  7607 | D:7      | Gained mutation: You passively map a small area around you. [potion of mutation]
  7607 | D:7      | Lost mutation: You sometimes yell uncontrollably at your foes. [potion of mutation]
  7607 | D:7      | Gained mutation: You have an increased reservoir of magic (+10% MP). [potion of mutation]
  7814 | D:7      | Noticed Joseph
  7833 | D:7      | Killed Joseph
  7833 | D:7      | Reached skill level 9 in Unarmed Combat
  8200 | D:8      | Reached XP level 9. HP: 76/79 MP: 15/15
  8249 | D:8      | Found a staircase to the Lair.
  8536 | D:8      | Found Erutau's Assorted Antiques.
  8655 | D:8      | Reached skill level 10 in Unarmed Combat
  9293 | D:9      | Reached skill level 5 in Evocations
  9523 | D:9      | Noticed an orange crystal statue
  9747 | D:9      | Killed an orange crystal statue
  9751 | D:9      | Got a steaming glass ring
  9753 | D:9      | Identified the cursed ring "Ahygied" {rC+ Str-2 Slay+5} (You found it on level 9 of the Dungeon)
  9821 | D:9      | Reached skill level 11 in Unarmed Combat
  9901 | D:9      | Reached XP level 10. HP: 68/90 MP: 18/20
 10751 | D:10     | Entered Level 10 of the Dungeon
 10806 | Lair:1   | Entered Level 1 of the Lair of Beasts
 10806 | Lair:1   | Noticed lennard's ghost (powerful SpWn)
 10825 | Lair:1   | Killed lennard's ghost
 10897 | Lair:1   | Found a labyrinth entrance.
 10961 | Lab      | Entered a labyrinth
 10999 | Lab      | Found an exit through the horrors of the Abyss.
 11415 | Lab      | Noticed a minotaur
 11421 | Lab      | Killed a minotaur
 11421 | Lab      | Reached skill level 12 in Unarmed Combat
 12091 | Lair:1   | Noticed a four-headed hydra
 12096 | Lair:1   | Killed a four-headed hydra
 12096 | Lair:1   | Reached XP level 11. HP: 99/99 MP: 24/24
 12360 | Lair:1   | Noticed a black mamba
 12381 | Lair:1   | Killed a black mamba
 13173 | Lair:2   | Noticed a seven-headed hydra
 13182 | Lair:2   | Killed a seven-headed hydra
 13182 | Lair:2   | Reached skill level 10 in Fighting
 13182 | Lair:2   | Reached skill level 13 in Unarmed Combat
 13741 | Lair:2   | Found a snail-covered altar of Cheibriados.
 13876 | Lair:2   | Learned a level 2 spell: Confusing Touch
 14498 | Lair:2   | Reached skill level 5 in Dodging
 14644 | Lair:3   | Reached skill level 5 in Stealth
 14744 | Lair:3   | Noticed a six-headed hydra
 15291 | Lair:3   | Noticed a six-headed hydra
 15295 | Lair:3   | Killed a six-headed hydra
 15295 | Lair:3   | Reached XP level 12. HP: 107/107 MP: 25/25
 15337 | Lair:3   | Killed a six-headed hydra
 15574 | Lair:3   | Found a staircase to the Shoals.
 15811 | Lair:3   | Found a hole to the Spider Nest.
 17887 | Lair:4   | Reached skill level 14 in Unarmed Combat
 18435 | Lair:4   | Noticed a six-headed hydra
 18446 | Lair:4   | Killed a six-headed hydra
 19317 | Lair:5   | Found a staircase to the Swamp.
 19324 | Lair:5   | the staircase to the Swamp was a mimic.
 19727 | Lair:5   | Reached XP level 13. HP: 100/114 MP: 27/27
 20257 | Lair:6   | Noticed an eight-headed hydra
 20264 | Lair:6   | Killed an eight-headed hydra
 21123 | Lair:6   | Got a shimmering lead amulet
 21202 | Lair:6   | Identified the amulet of Disaster {Ward -Cast rF+ rN++ MR+} (You found it on level 6 of the Lair of Beasts)
 21999 | Lair:7   | Found a staircase to the Slime Pits.
 22081 | Lair:7   | Identified a scroll of acquirement
 22083 | Lair:7   | Got a warped hat
 22089 | Lair:7   | Identified the +0 hat of Rasikhu {+Blink} (You acquired it on level 7 of the Lair of Beasts)
 22219 | Lair:7   | Reached skill level 10 in Stealth
 22919 | Lair:7   | Reached skill level 15 in Unarmed Combat
 23522 | Lair:8   | Entered Level 8 of the Lair of Beasts
 24158 | Lair:8   | Reached skill level 10 in Dodging
 24744 | Lair:8   | Reached skill level 1 in Hexes
 25635 | Lair:8   | Gained mutation: Your wings are large and strong. [draconian growth]
 25635 | Lair:8   | Reached XP level 14. HP: 122/122 MP: 27/27
 26673 | Lair:8   | Reached skill level 5 in Hexes
 27562 | Slime:1  | Entered Level 1 of the Pits of Slime
 27565 | Slime:2  | Noticed an azure jelly
 27570 | Slime:2  | Noticed an acid blob
 27621 | Lair:7   | Slain by a large slime creature

Action                   |  1- 3 |  4- 6 |  7- 9 | 10-12 | 13-15 || total
-------------------------+-------+-------+-------+-------+-------++-------
Melee: Unarmed           |   114 |   205 |   479 |   712 |   618 ||  2128
 Cast: Confusing Touch   |       |       |       |       |     4 ||     4
 Abil: Breathe Lightning |       |       |     9 |       |     3 ||    12
       Evoke Berserk Rag |       |       |     6 |    14 |    17 ||    37
       Evoke Blink       |       |       |       |       |    17 ||    17
Evoke: Wand              |       |     3 |    25 |     6 |    11 ||    45
  Use: Scroll            |       |     8 |    11 |    16 |    12 ||    47
       Potion            |       |     1 |     8 |     6 |     7 ||    22
 Stab: Sleeping          |     2 |     2 |     6 |     4 |     7 ||    21
       Distracted        |       |       |       |     1 |     4 ||     5
       Invisible         |       |       |       |     8 |       ||     8
       Confused          |       |       |       |       |     1 ||     1
       Fleeing           |       |       |       |       |     1 ||     1
  Eat: Chunk             |     1 |     9 |    18 |    27 |    25 ||    80
       Bread ration      |       |       |     1 |     3 |     1 ||     5
       Pizza             |       |       |     1 |       |       ||     1
       Beef jerky        |       |       |       |     3 |       ||     3
       Fruit             |       |       |       |     1 |       ||     1
       Meat ration       |       |       |       |       |     2 ||     2
